 Dungeon Crawl Stone Soup version 0.23-a0-808-gd21de94 (console) character file.

62 bli the Chopper (level 4, 0/35 HPs)
             Began as a Formicid Abyssal Knight on Jan 20, 2019.
             Was a Believer of Lugonu.
             Killed from afar by Robin (8 damage)
             ... with a wand of flame (17)
             ... on level 2 of the Dungeon.
             The game lasted 00:05:27 (1592 turns).

bli the Chopper (Formicid Abyssal Knight)           Turns: 1592, Time: 00:05:28

Health: 0/35       AC:  3    Str: 17    XL:     4   Next: 28%
Magic:  5/5        EV: 11    Int: 12    God:    Lugonu [**....]
Gold:   71         SH:  0    Dex: 10    Spells: 3/3 levels left

rFire    . . .     SeeInvis +   a - +1 hand axe
rCold    . . .     Gourm    .   (no shield)
rNeg     . . .     Faith    .   p - +0 leather armour
rPois    .         Spirit   .   (helmet unavailable)
rElec    .         Reflect  .   (no cloak)
rCorr    .         Harm     .   (no gloves)
MR       .....                  (no boots)
Stlth    +.........             j - amulet of regeneration
HPRegen  0.51/turn              (no ring)
MPRegen  0.09/turn              (no ring)

@: no status effects
A: permanent stasis, dig shafts and tunnels, four strong arms, antennae 3
a: Dig, Shaft Self, Depart the Abyss, Bend Space, Renounce Religion


You were on level 2 of the Dungeon.
You worshipped Lugonu.
Lugonu was pleased with you.
You were not hungry.

You visited 1 branch of the dungeon, and saw 2 of its levels.
You visited the Abyss 1 time.

You collected 71 gold pieces.

Inventory:

Hand Weapons
 a - a +1 hand axe (weapon)
 b - a +0 hunting sling
 l - a +0 antimagic hand axe
Missiles
 q - 21 stones (quivered)
Armour
 p - a +0 leather armour (worn)
 r - a +0 buckler
Jewellery
 j - an amulet of regeneration (around neck)
Scrolls
 d - a scroll of remove curse {unknown}
 g - a scroll of amnesia {unknown}
 i - 3 scrolls of identify {unknown}
 k - 2 scrolls of random uselessness {unknown}
 m - a scroll of fear {unknown}
Potions
 e - 3 potions of curing {unknown}
 f - a potion of resistance {unknown}
 h - a potion of mutation {unknown}
 n - 2 potions of haste {unknown}
Comestibles
 c - 2 rations
 o - 3 chunks of flesh


   Skills:
 + Level 3.3 Fighting
 * Level 4.1 Axes
 + Level 2.3 Armour
 - Level 1.0 Dodging
 - Level 2.1 Invocations


You had 3 spell levels left.
You didn't know any spells.
Your spell library was empty.

Dungeon Overview and Level Annotations

Branches:
Dungeon (2/15)

Altars:
Uskayaw

Annotations:
D:2 Robin, Sigmund


Innate Abilities, Weirdness & Mutations

You cannot be hasted, slowed, berserked, paralysed or teleported.
You can dig through walls and to a lower floor.
Your four strong arms can wield two-handed weapons with a shield.
You have a pair of large antennae on your head. (SInv)


Message History

Robin zaps a wand.
The puff of flame hits you!
* * * LOW HITPOINT WARNING * * *
A goblin comes into view. It is wielding a +0 club.
The goblin shouts!
Things that are here:
a cursed -1 club; a hobgoblin corpse You closely miss Robin.
Robin barely misses you.
You hit Robin.
Robin is lightly wounded.
Robin roars a battlecry!
The goblin goes into a battle-frenzy!
You closely miss Robin.
Robin is lightly wounded.
Robin hits you with a +0 short sword.
* * * LOW HITPOINT WARNING * * *
You hit Robin.
Robin is moderately wounded.
Robin flexes a bicep menacingly.
Robin zaps a wand.
The puff of flame hits you!
You die...

## ##.#..# #. .....
####.###.#.# ####
......##(#.##.....
#............#
..#..#.##.#### #...)##)#
#.####...).))# ##
#......†###### #...#
#######g# #...# #@# #...#
#########.###### #...#
#.......#g.....#######....
#...###.#.###..##.........
#...# #.#.# #.............
#...###.#.###.###.........
#.............# ######...#
#############.# #.... #.#
#...# #.# ###÷..# #.#
#......


You could see Robin and a goblin.

Vanquished Creatures
  A worm (D:2)
  A dart slug (D:2)
  2 leopard geckos (D:1)
  5 bats (D:1)
  A giant cockroach (D:1)
  13 goblins
  7 hobgoblins
  5 jackals (D:1)
  3 quokkas (D:2)
  2 frilled lizards
  A kobold (D:2)
  8 rats (D:1)
49 creatures vanquished.

Notes
Turn   | Place    | Note
-------+----------+-------------------------------------------
     0 | Abyss:1  | bli the Formicid Abyssal Knight began the quest for the
                  | Orb.
     0 | Abyss:1  | Reached XP level 1. HP: 18/18 MP: 2/2
    68 | Abyss:1  | Found an iron altar of Okawaru.
    77 | Abyss:1  | Noticed a smoke demon
    79 | Abyss:1  | Noticed a small abomination
   109 | Abyss:1  | Noticed a large abomination
   111 | Abyss:1  | Noticed a quasit
   117 | Abyss:1  | Noticed an efreet
   118 | Abyss:1  | Noticed a wight
   119 | D:1      | Escaped the Abyss
   534 | D:1      | Reached XP level 2. HP: 21/24 MP: 3/3
   659 | D:1      | Reached skill level 3 in Axes
   697 | D:1      | Reached * piety under Lugonu
   748 | D:1      | Reached XP level 3. HP: 25/29 MP: 4/4
  1265 | D:2      | Noticed Sigmund
  1373 | D:2      | Found a hide-covered altar of Uskayaw.
  1373 | D:2      | Noticed a +0 dagger
  1373 | D:2      | Noticed a +0 dagger
  1398 | D:2      | Reached skill level 1 in Dodging
  1558 | D:2      | Noticed Robin
  1565 | D:2      | Reached XP level 4. HP: 16/35 MP: 5/5
  1571 | D:2      | Reached skill level 4 in Axes
  1578 | D:2      | Reached ** piety under Lugonu
  1592 | D:2      | Killed from afar by Robin

Vault maps used:
D:1:      lightli_arrival_chessboard
D:2:      marbit_many_paths, dancing_weapons_uskayaw, solitary_fountain,
          amethyst_killhole, minmay_tetromino_t4, uniq_robin, uniq_sigmund

Skill      XL: |  1  2  3  4 |
---------------+-------------+-----
Axes           | 3 4 |  4.1
Dodging        | 1 |  1.0
Fighting       | |  3.3
Armour         | |  2.3
Invocations    | |  2.1

Action                   |  1- 3 |  4- 6 || total
-------------------------+-------+-------++-------
Melee: Hand axe          |   113 |    19 ||   132
Invok: Depart the Abyss  |     1 |       ||     1
 Abil: Dig               |     3 |       ||     3
 Stab: Sleeping          |     1 |       ||     1
  Eat: Chunk             |     2 |       ||     2
Armor: Leather armour    |    35 |     3 ||    38
Dodge: Dodged            |    76 |    12 ||    88

Table legend:
 A = Non-vault XP
 B = Vault XP
 C = Vault XP percentage of total XP
 D = Non-vault monster count
 E = Vault monster count
 F = Vault count percentage of total count
                 A         B        C        D         E       F
            +---------+---------+-------+---------+---------+-------
      Total |      68 |      21 |  23.6 |      38 |      11 |  22.4
            +---------+---------+-------+---------+---------+-------
        D:1 |      49 |       0 |   0.0 |      30 |       0 |   0.0
        D:2 |      19 |      21 |  52.5 |       8 |      11 |  57.9
            +---------+---------+-------+---------+---------+-------
